 Dungeon Crawl Stone Soup version 0.29-a0-356-g7bc237e783 (webtiles) character file.

Game seed: 7118700133347815341

105 ytrimaz the Insei (level 4, -11/29 HPs)
             Began as an Octopode Transmuter on Apr 26, 2022.
             Killed from afar by an orc wizard (12 damage)
             ... with a puff of flame
             ... on level 3 of the Dungeon.
             The game lasted 00:02:19 (3134 turns).

ytrimaz the Insei (Octopode Transmuter)             Turns: 3134, Time: 00:02:20

Health: -11/29     AC:  1    Str:  9    XL:     4   Next: 83%
Magic:  0/8        EV: 13    Int: 17    God:
Gold:   125        SH:  0    Dex: 12    Spells: 2/8 levels left

rFire   . . .      SeeInvis .     - Unarmed
rCold   . . .      Faith    .   (no shield)
rNeg    . . .      Spirit   +   (helmet currently unavailable)
rPois   .          Reflect  .   a - amulet of guardian spirit
rElec   .          Harm     .   (no ring)
rCorr   .          Rampage  .   (no ring)
Will    .....                   (no ring)
Stlth   ++........              (no ring)
HPRegen 0.09/turn               (no ring)
MPRegen 0.11/turn               (no ring)
                                (no ring)
                                (no ring)

@: confused, appendages, wereblooded (expiring)
A: tentacle spike 3, almost no armour, amphibious, 8 rings, camouflage 1,
gelatinous body 1, (nimble swimmer 1), tentacles
a: End Transformation


You were on level 3 of the Dungeon.
One of your tentacles had grown a beastly spike.
You visited 1 branch of the dungeon, and saw 3 of its levels.

You collected 125 gold pieces.

Inventory:

Jewellery
 a - an amulet of guardian spirit (around mantle)
 h - a ring of flight
Potions
 b - a potion of curing
 c - 2 potions of heal wounds {unknown}
 d - a potion of haste
 e - a potion of invisibility {unknown}
 f - a potion of degeneration {unknown}
 g - a potion of mutation {unknown}


   Skills:
 * Level 2.1 Fighting
 - Level 2.0 Dodging
 + Level 4.1 Unarmed Combat
 + Level 2.6 Spellcasting
 + Level 2.6 Transmutations
 * Level 0.2 Poison Magic


You had 2 spell levels left.
You knew the following spells:

 Your Spells              Type           Power      Damage    Failure   Level
a - Beastly Appendage     Tmut           22%        N/A       6%          1
b - Wereblood             Tmut           11%        N/A       9%          2
c - Spider Form           Tmut/Pois      7%         N/A       30%         3

Your spell library contained the following spells:

 Spells                   Type           Power      Damage    Failure   Level
 Apportation              Tloc           4%         N/A       19%         1
 Corpse Rot               Necr/Air       4%         N/A       26%         2
 Poisonous Vapours        Pois/Air       4%         N/A       26%         2
 Ice Form                 Ice/Tmut       6%         N/A       71%         4
 Alistair's Intoxication  Tmut/Pois      4%         N/A       95%         5


Dungeon Overview and Level Annotations

Branches:
Dungeon (3/15)

Altars:


Innate Abilities, Weirdness & Mutations

One of your tentacles has grown a beastly spike.
You cannot wear most types of armour.
You are amphibious.
You can wear up to eight rings at the same time.
Your skin changes colour to match your surroundings (Stealth+).
Your rubbery body absorbs attacks. (AC +1, EV +1)
((You are camouflaged when in or above water. (Stealth+)))
You have tentacles for arms and can constrict up to eight enemies at once.


Message History

The orc is lightly wounded.
You constrict the orc, but do no damage.
The orc hits you with a +0 hand axe.
You tentacle-slap the orc but do no damage.
The orc is lightly wounded.
You constrict the orc. The orc hits you with a +0 hand axe!
* * * LOW HITPOINT WARNING * * *
Your magical contamination has completely faded away.
You tentacle-slap the orc.
Your tentacle spike misses the orc.
The orc is severely wounded.
You howl as the wereblood boils in your veins!
You constrict the orc.
You feel a bit better.
You kill the orc!
The quokka misses you.
You are too injured to fight recklessly!
You tentacle-slap the quokka. Your grab misses the quokka.
You pierce the quokka.
You feel a bit better.
You kill the quokka!
You are too injured to fight recklessly!
You closely miss something.
You hear some strange, mumbled words.
You are confused.
You tentacle-slap something. Your squeeze misses something.
You howl as the wereblood boils in your veins!
Something hits you.
You bump into the rock wall.
Something hits you.
* * * LOW HITPOINT WARNING * * *
You completely miss something.
Your tentacle spike misses something.
Your squeeze misses something.
Your primal bloodlust is almost over.
Something hits you.
* * * LOW HITPOINT WARNING * * *
You bump into the rock wall.
Something hits you.
* * * LOW HITPOINT WARNING * * *
Something hits you.
* * * LOW HITPOINT WARNING * * *
You hear some strange, mumbled words.
A puff of flame appears from out of thin air!
The puff of flame hits you!
You die...

# . .# ..#########.##
.............
...........
.........###############
#....@...............#
#.####.#############.#
#{# ........###.# #o#
.######...... ..#
#...... .... #......
....# #...... .....#
#...... ......# #......


You could see an orc.

Vanquished Creatures
  Terence (D:2)
  An adder (D:3)
  A worm (D:2)
  2 dart slugs
  5 orcs (D:3)
  6 ball pythons
  5 bats
  8 endoplasms
  A giant cockroach (D:1)
  2 hobgoblins
  6 jackals
  4 quokkas
  A frilled lizard (D:1)
  4 goblins
  3 kobolds
  3 rats
53 creatures vanquished.

Notes
Turn   | Place    | Note
-------+----------+-------------------------------------------
     0 | D:1      | ytrimaz the Octopode Transmuter began the quest for the
                  | Orb.
     0 | D:1      | Reached XP level 1. HP: 13/13 MP: 3/3
   295 | D:1      | Reached XP level 2. HP: 6/18 MP: 3/5
   769 | D:1      | Reached XP level 3. HP: 12/23 MP: 6/6
   773 | D:1      | Learned a level 2 spell: Wereblood
  1797 | D:2      | Found a faded altar of an unknown god.
  2156 | D:2      | Noticed Terence
  2169 | D:2      | Killed Terence
  2170 | D:2      | Reached XP level 4. HP: 25/29 MP: 7/7
  2821 | D:2      | Learned a level 3 spell: Spider Form
  2851 | D:3      | Reached skill level 4 in Unarmed Combat
  3134 | D:3      | HP: 1/29 [something (3)]
  3134 | D:3      | Killed from afar by an orc wizard

Illustrated notes

Levels and vault maps discovered:
D:1:      co_arrival_hexagon_in_a_hexagon, layout_basic
D:2:      layout_rooms, shapermc_ecumenical_altar_starsandcircs,
          minmay_quadrilaterals, uniq_terence
D:3:      layout_basic

Skill      XL: |  1  2  3  4 |
---------------+-------------+-----
Fighting       | 2 |  2.1
Unarmed Combat | 4 |  4.1
Dodging        | |  2.0
Spellcasting   | |  2.6
Transmutations | |  2.6
Poison Magic   | |  0.2

Action                   |  1- 3 |  4- 6 || total
-------------------------+-------+-------++-------
Melee: Unarmed           |    81 |    36 ||   117
       Kick              |    20 |     8 ||    28
       Constrict         |    13 |    11 ||    24
       Tentacles         |    13 |     9 ||    22
       Punch             |     1 |       ||     1
 Cast: Beastly Appendage |    19 |     5 ||    24
       Wereblood         |       |     1 ||     1
  Use: Scroll            |     3 |     2 ||     5
       Potion            |       |     3 ||     3
 Stab: Sleeping          |     1 |     1 ||     2
Armor: Skin              |    12 |     6 ||    18
Dodge: Dodged            |    73 |    29 ||   102

Table legend: (Time is in decaauts)
 A = Elapsed time spent in this place.
 B = Non-inter-level travel time spent in this place.
 C = Inter-level travel time spent in this place.
 D = Time resting spent in this place.
 E = Time spent auto-exploring this place.
 F = Levels seen in this place.
 G = Mean time per level.
                   A        B        C        D        E       F      G
               +--------+--------+--------+--------+--------+-----+--------+
         Total |   3125 |   3071 |     54 |    147 |   2535 |   3 | 1041.7 |
       Dungeon |   3125 |   3071 |     54 |    147 |   2535 |   3 | 1041.7 |
               +--------+--------+--------+--------+--------+-----+--------+

Top non-repeatable levels by time:
     D:1: 1787 daAuts
     D:2: 1046 daAuts
     D:3: 290 daAuts
